 Dungeon Crawl Stone Soup version 0.30.0-5-g1a98f26d00 (webtiles) character file.

Game seed: 862527338891368864

93 workbot the Chopper (level 4, -2/39 HPs)
             Began as a Minotaur Berserker on May 11, 2023.
             Was a Follower of Trog.
             Slain by a gnoll
             ... wielding a +0 flail
              (8 damage)
             ... on level 2 of the Dungeon.
             The game lasted 00:02:11 (881 turns).

workbot the Chopper (Minotaur Berserker)             Turns: 881, Time: 00:02:11

Health: -2/39      AC:  5    Str: 24    XL:     4   Next: 36%
Magic:  3/3        EV: 11    Int:  4    God:    Trog [*.....]
Gold:   83         SH:  0    Dex:  9    Spells: 3/3 levels left

rFire   . . .        i - +0 war axe
rCold   . . .        (no shield)
rNeg    . . .        j - +0 ring mail
rPois   .            (helmet restricted)
rElec   .            (no cloak)
rCorr   .            (no gloves)
SInv    .            (no boots)
Will    .....        (no amulet) Stlth
                     (no ring)
HPRegen 0.26/turn    (no ring)
MPRegen 0.08/turn

%: no passive effects
@: on berserk cooldown, slowed, very slow
A: horns 2, retaliatory headbutt
a: Renounce Religion, Berserk


You were on level 2 of the Dungeon.
You worshipped Trog.
Trog was aware of your devotion.
You visited 1 branch of the dungeon, and saw 2 of its levels.

You collected 83 gold pieces.

Inventory:

Hand Weapons
 i - a +0 war axe (weapon)
Armour
 a - a +0 helmet
 j - a +0 ring mail (worn)
Scrolls
 c - a scroll of fog {unknown}
 e - 3 scrolls of teleportation {unknown}
 f - a scroll of acquirement {unknown}
 h - a scroll of amnesia {unknown}
Potions
 d - a potion of brilliance {unknown}
 g - a potion of curing {unknown}


   Skills:
 - Level 3.6 Fighting
 * Level 6.3 Axes
 - Level 2.4 Armour
 - Level 2.1 Dodging


You had 3 spell levels left.
You didn't know any spells.
Your spell library was empty.

Dungeon Overview and Level Annotations

Branches:
Dungeon (2/15)

Altars:
Cheibriados

Annotations:
D:2 Jessica


Innate Abilities, Weirdness & Mutations

You have a pair of horns on your head.
You reflexively headbutt those who attack you in melee.


Message History

You hit the ball python.
The ball python is moderately wounded.
The ball python bites you. The ball python constricts you.
You hit the ball python.
You kill the ball python!
Trog accepts your kill.
A quokka comes into view.
You see here a ball python corpse.
Jessica casts a spell.
Jessica seems to speed up.
You hear a shout!
Okay, then.
A red film seems to cover your vision as you go berserk!
You feel yourself moving faster!
You feel mighty!
Jessica mumbles some strange words.
Jessica blinks!
You barely miss the quokka. The quokka barely misses you.
You furiously retaliate!
You headbutt the quokka!
You kill the quokka!
Trog accepts your kill.
You see here a quokka corpse.
A gnoll comes into view.
It is wielding a +0 flail and quivering poisoned darts.
You feel a strong urge to attack something.
The gnoll shouts!
Found 5 stones and a cloak.
You feel your anger nearly subside.
You are no longer berserk.
You are exhausted.
You feel yourself slow down. Jessica barely misses you.
The gnoll throws a poisoned dart.
The poisoned dart barely misses you.
You hit Jessica.
Jessica is moderately wounded.
Jessica mumbles some strange words.
Jessica blinks!
The gnoll hits you but does no damage. Jessica barely misses you.
The gnoll hits you with a +0 flail. Jessica hits you but does no damage.
Jessica closely misses you. The gnoll hits you with a +0 flail!
Jessica zaps a wand.
The bolt of light hits you!!
* * * LOW HITPOINT WARNING * * *
Jessica hits you but does no damage. The gnoll hits you with a +0 flail!
You die...

...........#
#..........# .
#..........# ..
#........
...##.......
..........## #......
...........# #.....
#.....@@..#######....
#......g...†.†.##...#
#........#####.##...#
#.[.....(# #.##...#
#........# #.##...#
########## #..'...##
####....## #......
######.


You could see a gnoll and Jessica (fast).

Vanquished Creatures
  An adder (D:2)
  5 gnolls (D:2)
  A dart slug (D:1)
  2 endoplasms
  A giant cockroach (D:1)
  5 goblins
  3 hobgoblins
  2 jackals (D:1)
  A quokka (D:2)
  3 ball pythons
  3 bats
  6 kobolds
  A rat (D:1)
34 creatures vanquished.

Notes
Turn   | Place    | Note
-------+----------+-------------------------------------------
     0 | D:1      | workbot the Minotaur Berserker began the quest for the Orb.
     0 | D:1      | Reached XP level 1. HP: 19/19 MP: 0/0
    77 | D:1      | Reached skill level 4 in Axes
   135 | D:1      | Reached XP level 2. HP: 26/26 MP: 1/1
   501 | D:2      | Reached skill level 5 in Axes
   501 | D:2      | Reached XP level 3. HP: 28/31 MP: 2/2
   599 | D:2      | Found a snail-covered altar of Cheibriados.
   624 | D:2      | Reached skill level 6 in Axes
   624 | D:2      | Reached XP level 4. HP: 33/39 MP: 3/3
   867 | D:2      | Noticed Jessica
   881 | D:2      | Slain by a gnoll

Illustrated notes

Levels and vault maps discovered:
D:1:      lightli_arrival_boilingwater, layout_basic
D:2:      layout_basic, basic_altar, glass_columns_a, uniq_jessica

Skill      XL: |  1  2  3 |
---------------+----------+-----
Axes           | 4 5 6 |  6.3
Fighting       | |  3.6
Armour         | |  2.4
Dodging        | |  2.1

Action                     |  1- 3 |  4- 6 || total
---------------------------+-------+-------++-------
  Melee: Hand axe          |    46 |       ||    46
         Headbutt          |     7 |       ||     7
         War axe           |     6 |    12 ||    18
 Invoke: Berserk           |     3 |     1 ||     4
 Armour: Animal skin       |     7 |       ||     7
         Ring mail         |       |     4 ||     4
  Dodge: Dodged            |    36 |     9 ||    45
